AoeStats
← Tomate

Arena

505875934Analyzed
2v2 RM · 22d ago on Sep 11, 2026· 45m 47s· 4 players
Game mode
Random Map
Map size
Medium (4 player)
Population
200
Speed
Normal
Resources
Standard
Victory
Conquest
Starting age
Dark Age
Ending age
Imperial Age
RankedLock teamsTeams togetherTeam positionsShared explorationLock speedFull tech treeHidden civsTurbo modeCheats
Victory
Defeat
🇧🇷 Franks · Brazil
1027
+35
🇹🇼 Vietnamese · Taiwan
962
+43
🇨🇱 Malay · Chile
977
-15
🇨🇱 Spanish · Chile
977
-15
Tomate
10:43 Feudal Age
15:06 Castle Age
13:17 Double-Bit Axe
15:29 Horse Collar
15:13 Man-at-Arms
15:54 Squires
15:25 Man-at-Arms
16:36 Forging
16:53 Bow Saw
17:42 Fletching
18:20 Arson
18:49 Loom
18:50 Long Swordsman
20:42 Scale Mail Armor
22:38 Arson
25:07 Heavy Plow
27:29 Wheelbarrow
30:50 Hand Cart
32:01 Squires
32:48 Town Watch
33:09 Herbal Medicine
33:26 Fervor
33:32 Stone Mining
33:35 Gold Mining
36:31 Padded Archer Armor
36:26 Bodkin Arrow
36:47 Bloodlines
36:11 Pikeman
37:49 Ballistics
37:27 Gambesons
41:15 Imperial Age
39:16 Chain Mail Armor
41:03 Iron Casting
44:46 Murder Holes
45:43 Bracer
nnickk0
6:06 Loom
12:05 Feudal Age
16:54 Castle Age
15:04 Double-Bit Axe
15:42 Horse Collar
20:25 Gold Mining
21:40 Bow Saw
22:15 Thumb Ring
22:21 Crossbowman
25:50 Gold Shaft Mining
25:06 Stone Mining
26:26 Fletching
26:36 Padded Archer Armor
28:05 Wheelbarrow
28:33 Heavy Plow
29:18 Stone Shaft Mining
29:56 Bodkin Arrow
30:17 Leather Archer Armor
33:55 Imperial Age
32:21 Hand Cart
33:00 Town Watch
33:32 Arbalester
33:38 Capped Ram
34:30 Town Patrol
37:41 Pikeman
39:21 Ring Archer Armor
38:52 Bracer
39:03 Forging
39:51 Squires
42:23 Conscription
44:07 Crop Rotation
43:16 Elite Karambit Warrior
44:16 Halberdier
45:37 Murder Holes
46:04 Ballistics
46:45 Chemistry
45:56 Masonry
JIE
11:20 Feudal Age
15:26 Castle Age
13:27 Double-Bit Axe
18:23 Bow Saw
21:33 Loom
22:50 Stone Mining
23:12 Gold Mining
27:03 Husbandry
30:36 Imperial Age
28:43 Scale Barding Armor
28:49 Forging
29:59 Wheelbarrow
30:03 Gold Shaft Mining
31:04 Chain Barding Armor
31:20 Iron Casting
31:08 Hand Cart
30:54 Town Watch
33:06 Plate Barding Armor
32:00 Cavalier
34:29 Town Patrol
34:15 Paladin
36:59 Blast Furnace
36:51 Conscription
39:38 Chivalry
洗米露
6:12 Loom
10:37 Feudal Age
11:34 Double-Bit Axe
18:40 Horse Collar
23:12 Town Watch
26:50 Wheelbarrow
30:12 Castle Age
28:37 Fletching
28:47 Padded Archer Armor
30:24 Crossbowman
31:09 Thumb Ring
31:03 Bodkin Arrow
31:23 Leather Archer Armor
31:59 Bow Saw
31:52 Heavy Plow
37:15 Hand Cart
41:00 Imperial Age
39:11 Ballistics
40:34 Town Patrol
40:33 Gold Mining
40:30 Treadmill Crane
41:13 Elite Skirmisher
41:14 Arbalester
42:20 Bracer
43:54 Caravan
45:01 Ring Archer Armor
Connection lost

Rejoining the realm…

Still unreachable

The connection could not be restored.

Session expired

The server has moved on; the page needs a fresh start.